 Dungeon Sprint DCSS version 0.23-a0-54-gae6112e (webtiles) character file.

12 Mgcat the Firebug (level 2, -3/15 HPs)
             Began as a Deep Elf Fire Elementalist on Aug 8, 2018.
             Slain by a phantom (5 damage)
             ... in the Dungeon (Sprint IX: "|||||||||||||||||||||||||||||").
             The game lasted 00:00:44 (179 turns).

Mgcat the Firebug (Deep Elf Fire Elementalist)       Turns: 179, Time: 00:00:45

Health: -3/15      AC:  2    Str:  5    XL:     2   Next: 20%
Magic:  1/8        EV: 13    Int: 19    God:
Gold:   0          SH:  0    Dex: 15    Spells: 6/7 levels left

rFire    . . .     SeeInvis .   b - +0 short sword
rCold    . . .     Gourm    .   (no shield)
rNeg     . . .     Faith    .   a - +0 robe
rPois    .         Spirit   .   (no helmet)
rElec    .         Reflect  .   (no cloak)
rCorr    .         Harm     .   (no gloves)
MR       .....     NoTele   +   (no boots)
Stlth    ++........             (no amulet)
HPRegen  0.05/turn              (no ring)
MPRegen  0.11/turn              (no ring)

@: no status effects
A: no striking features
a: no special abilities


You were in the Dungeon.
You were not hungry.

You visited 1 branch

Inventory:

Hand Weapons
 b - a +0 short sword (weapon)
   (You took it off a kobold in the Dungeon)
Armour
 a - a +0 robe (worn)
Scrolls
 i - a scroll of blinking {!r}
Potions
 d - a potion of curing
 e - a potion of heal wounds
 f - a potion of haste
 g - a potion of magic
Comestibles
 c - a ration
 h - 3 chunks of flesh {@w0}


   Skills:
 - Level 2.4 Dodging
 - Level 2.4 Stealth
 - Level 3.0 Spellcasting
 + Level 3.5 Conjurations
 + Level 4.8 Fire Magic


You had 6 spell levels left.
You knew the following spells:

 Your Spells              Type           Power        Failure   Level  Hunger
a - Flame Tongue          Conj/Fire      ###..        2%          1    None

Your spell library contained the following spells:

 Spells                   Type           Power        Failure   Level  Hunger
 Fireball                 Conj/Fire      ###.......   58%         5    ######.
 Conjure Flame            Conj/Fire      ###.....     9%          3    ###....
 Throw Flame              Conj/Fire      ###...       4%          2    ##.....
 Sticky Flame             Conj/Fire      ###.....     26%         4    ####...
 Inner Flame              Hex/Fire       ##......     17%         3    ###....


Dungeon Overview and Level Annotations

Branches:
Dungeon (1/1)

Altars:


Message History

You kill the jackal!
You have reached level 2!
Casting: Flame Tongue (safe; 3% risk of failure)
Confirm with . or Enter, or press ? or * to list all spells.
Aiming: Flame Tongue (safe; 3% risk of failure)
Press: ? - help, Shift-Dir - straight line, f - worm
Aim: a worm The flame tongue hits the worm.
The worm appears unharmed.
Casting: Flame Tongue (safe; 3% risk of failure)
Confirm with . or Enter, or press ? or * to list all spells.
Aiming: Flame Tongue (safe; 3% risk of failure)
Press: ? - help, Shift-Dir - straight line, f/p - worm
Aim: a worm The flame tongue misses the worm.
The worm barely misses you.
Casting: Flame Tongue (safe; 3% risk of failure)
Confirm with . or Enter, or press ? or * to list all spells.
Aiming: Flame Tongue (safe; 3% risk of failure)
Press: ? - help, Shift-Dir - straight line, f/p - worm
Aim: a worm The flame tongue hits the worm.
The worm is heavily wounded.
Casting: Flame Tongue (safe; 3% risk of failure)
Confirm with . or Enter, or press ? or * to list all spells.
Aiming: Flame Tongue (safe; 3% risk of failure)
Press: ? - help, Shift-Dir - straight line, f/p - worm
Aim: a worm (heavily wounded)
The flame tongue hits the worm.
The worm is severely wounded.
The worm misses you.
Casting: Flame Tongue (safe; 3% risk of failure)
Confirm with . or Enter, or press ? or * to list all spells.
Aiming: Flame Tongue (safe; 3% risk of failure)
Press: ? - help, Shift-Dir - straight line, f/p - worm
Aim: a worm (heavily wounded)
The flame tongue hits the worm.
The worm appears unharmed.
The worm is heavily wounded.
The worm barely misses you.
Casting: Flame Tongue (safe; 3% risk of failure)
Confirm with . or Enter, or press ? or * to list all spells.
You don't have enough magic to cast that spell.
Casting: Flame Tongue (safe; 3% risk of failure)
Confirm with . or Enter, or press ? or * to list all spells.
You don't have enough magic to cast that spell.
Magic courses through your body.
Casting: Flame Tongue (safe; 3% risk of failure)
Confirm with . or Enter, or press ? or * to list all spells.
Aiming: Flame Tongue (safe; 3% risk of failure)
Press: ? - help, Shift-Dir - straight line, f/p - worm
Aim: a worm (heavily wounded)
The flame tongue hits the worm.
The worm is almost dead.
The worm closely misses you.
Casting: Flame Tongue (safe; 3% risk of failure)
Confirm with . or Enter, or press ? or * to list all spells.
Aiming: Flame Tongue (safe; 3% risk of failure)
Press: ? - help, Shift-Dir - straight line, f/p - worm
Aim: a worm (severely wounded)
The flame tongue hits the worm.
You kill the worm!
Casting: Flame Tongue (safe; 2% risk of failure)
Confirm with . or Enter, or press ? or * to list all spells.
Aiming: Flame Tongue (safe; 2% risk of failure)
Press: ? - help, Shift-Dir - straight line, f - phantom
Aim: a phantom The flame tongue hits the phantom.
The phantom is lightly damaged.
The phantom barely misses you.
The giant cockroach waves its antennae.
Casting: Flame Tongue (safe; 2% risk of failure)
Confirm with . or Enter, or press ? or * to list all spells.
Aiming: Flame Tongue (safe; 2% risk of failure)
Press: ? - help, Shift-Dir - straight line, f/p - phantom
Aim: a phantom (lightly damaged)
The flame tongue hits the phantom.
The phantom is lightly damaged.
The phantom blinks!
Casting: Flame Tongue (safe; 2% risk of failure)
Confirm with . or Enter, or press ? or * to list all spells.
Aiming: Flame Tongue (safe; 2% risk of failure)
Press: ? - help, Shift-Dir - straight line, f/p - phantom
Aim: a phantom (lightly damaged)
The flame tongue hits the phantom.
The phantom is moderately damaged.
The giant cockroach barely misses you.
Casting: Flame Tongue (safe; 2% risk of failure)
Confirm with . or Enter, or press ? or * to list all spells.
Aiming: Flame Tongue (safe; 2% risk of failure)
Press: ? - help, Shift-Dir - straight line, f/p - phantom
Aim: a phantom (lightly damaged)
The flame tongue misses the phantom.
The giant cockroach bites you.
* * * LOW HITPOINT WARNING * * *
Casting: Flame Tongue (safe; 2% risk of failure)
Confirm with . or Enter, or press ? or * to list all spells.
Aiming: Flame Tongue (safe; 2% risk of failure)
Press: ? - help, Shift-Dir - straight line, f/p - phantom
Aim: a phantom (lightly damaged)
The flame tongue hits the phantom.
The phantom is heavily damaged.
The giant cockroach barely misses you. The phantom hits you.
You die... ▓▓▓▓▓▓▓▓▓▓▓▓▓▓▓▓▓▓ ▓<...'...W@s.....+ ▓▓▓▓▓▓▓▓▓▓▓▓▓▓▓▓▓▓

You could see a phantom and a giant cockroach.

Vanquished Creatures
  A worm (D)
  A dart slug (D)
  A bat (D)
  A giant cockroach (D)
  A jackal (D)
  A kobold (D)
  A quokka skeleton (D)
  A rat (D)
8 creatures vanquished.

Notes
Turn   | Place    | Note
-------+----------+-------------------------------------------
     0 | D        | Mgcat the Deep Elf Fire Elementalist began the quest for the Orb.
     0 | D        | Reached XP level 1. HP: 10/10 MP: 6/6
    22 | D        | Reached skill level 2 in Conjurations
    23 | D        | Reached skill level 4 in Fire Magic
    26 | D        | Reached skill level 3 in Conjurations
   157 | D        | Noticed a phantom
   165 | D        | HP: 2/10 [jackal (2)]
   166 | D        | Reached XP level 2. HP: 3/15 MP: 4/8
   178 | D        | HP: 2/15 [giant cockroach (2)]
   179 | D        | Slain by a phantom

Vault maps used:
D:        linesprint

Skill      XL: |  1 |
---------------+----+-----
Conjurations   | 3 |  3.5
Fire Magic     | 4 |  4.8
Dodging        | |  2.4
Stealth        | |  2.4
Spellcasting   | |  3.0

Action                   || total
-------------------------++-------
Melee: Unarmed           ||    12
       Short sword       ||     6
 Cast: Flame Tongue      ||    20
  Use: Potion            ||     2
Armor: Robe              ||     2
Dodge: Dodged            ||    24

Table legend:
 A = Spawn XP
 B = Non-spawn XP
 C = Spawn XP percentage of total XP
 D = Spawn monster count
 E = Non-spawn monster count
 F = Spawn count percentage of total count
 G = Total turns spent on level
                    A         B        C        D         E        F      G
               +---------+---------+-------+---------+---------+-------+---------
         Total |       0 |      18 |   0.0 |       0 |       8 |   0.0 |   179
               +---------+---------+-------+---------+---------+-------+---------
             D |       0 |      18 |   0.0 |       0 |       8 |   0.0 |   179
               +---------+---------+-------+---------+---------+-------+---------

Vault maps used:
D:        linesprint

Table legend:
 A = Turns spent in this place as a percentage of turns spent in the entire game.
 B = Non-inter-level travel turns spent in this place as a percentage of non-inter-level travel turns spent in the entire game.
 C = Inter-level travel turns spent in this place as a percentage of turns spent in this place.
 D = Turns resting spent in this place as a percentage of non-inter-level travel turns spent in this place.
 E = Turns spent auto-exploring this place as a percentage of non-inter-level travel turns spent in this place.
 F = Non-inter-level travel turns spent in this place divided by the number of levels of this place that you've seen.
                   A       B       C       D       E      F
               +-------+-------+-------+-------+-------+----------------------
         Total | 100.0 | 100.0 |   0.0 |  62.6 |   3.9 | 179.0
       Dungeon | 100.0 | 100.0 |   0.0 |  62.6 |   3.9 | 179.0
               +-------+-------+-------+-------+-------+----------------------

Table legend:
 A = Kills in this place as a percentage of kills in entire the game.
 B = Kills by you in this place as a percentage of kills by you in the entire game.
 C = Kills by friends in this place as a percentage of kills by friends in the entire game.
 D = Other kills in this place as a percentage of other kills in the entire game.
 E = Experience gained in this place as a percentage of experience gained in the entire game.
 F = Experience gained in this place divided by the number of levels of this place that you have seen.
                   A       B       C       D       E      F
               +-------+-------+-------+-------+-------+----------------------
         Total | 100.0 | 100.0 |   N/A |   N/A | 100.0 |  18.0
       Dungeon | 100.0 | 100.0 |   N/A |   N/A | 100.0 |  18.0
               +-------+-------+-------+-------+-------+----------------------
